 Dungeon Crawl Stone Soup version 0.25-a0-504-g768f60da87 (webtiles) character file.

Game seed: 252855821110952382, levelgen mode: deterministic

23 BeastOfSaturn the Grasshopper (level 2, 0/22 HPs)
             Began as a Demonspawn Warper on Feb 14, 2020.
             Slain by an adder (2 damage)
             ... on level 2 of the Dungeon.
             The game lasted 00:03:34 (1150 turns).

BeastOfSaturn the Grasshopper (Demonspawn Warper)   Turns: 1150, Time: 00:03:35

Health: 0/22       AC:  3    Str: 11    XL:     2   Next: 72%
Magic:  1/5        EV: 11    Int: 14    God:
Gold:   31         SH:  3    Dex: 12    Spells: 3/5 levels left

rFire    . . .     SeeInvis .   a - +0 falchion
rCold    . . .     Gourm    .   h - +0 buckler
rNeg     . . .     Faith    .   b - +0 leather armour
rPois    .         Spirit   .   (helmet restricted)
rElec    .         Reflect  .   (no cloak)
rCorr    .         Harm     .   (no gloves)
MR       .....                  (no boots)
Stlth    +.........             (no amulet)
HPRegen  0.07/turn              (no ring)
MPRegen  0.09/turn              (no ring)

@: lethally poisoned (0 -> -10), very slightly contaminated
A: antennae 1
a: no special abilities


You were on level 2 of the Dungeon.
You were not hungry.

You visited 1 branch of the dungeon, and saw 2 of its levels.

You collected 31 gold pieces.

Inventory:

Hand Weapons
 a - a +0 falchion (weapon)
Missiles
 e - 5 boomerangs of dispersal (quivered)
Armour
 b - a +0 leather armour (worn)
 c - a +0 helmet
 h - a +0 buckler (worn)
Scrolls
 d - a scroll of blinking
 i - a scroll of amnesia {unknown}
 j - a scroll of fog {unknown}
 n - a scroll of identify {unknown}
Potions
 g - a potion of ambrosia {unknown}
 k - a potion of degeneration {unknown}
 l - a potion of heal wounds {unknown}
 m - a potion of invisibility {unknown}
 o - a potion of brilliance {unknown}
Comestibles
 f - 5 rations
 p - a chunk of flesh


   Skills:
 + Level 2.1 Fighting
 * Level 2.2 Long Blades
 - Level 0.8 Throwing
 * Level 1.2 Armour
 + Level 1.8 Dodging
 * Level 0.5 Shields
 + Level 2.1 Spellcasting
 + Level 2.8 Translocations


You had 3 spell levels left.
You knew the following spells:

 Your Spells              Type           Power        Failure   Level  Hunger
a - Blink                 Tloc           N/A          22%         2    ###....

Your spell library contained the following spells:

 Spells                   Type           Power        Failure   Level  Hunger
 Shroud of Golubria       Chrm/Tloc      #.....       38%         2    ###....
 Gell's Gravitas          Tloc           #.........   41%         3    ###....
 Lesser Beckoning         Tloc           #.........   41%         3    ###....
 Teleport Other           Tloc           #.......     41%         3    ###....
 Passage of Golubria      Tloc           N/A          83%         4    #####..


Dungeon Overview and Level Annotations

Branches:
Dungeon (2/15)

Altars:


Innate Abilities, Weirdness & Mutations

You have a pair of small antennae on your head.


Message History

You barely miss the adder.
The adder is moderately wounded.
You feel sick. The adder bites you but does no damage. The adder bites you.
You are lethally poisoned!
The adder poisons you!
Casting: Blink (safe; 22% risk of failure)
Confirm with . or Enter, or press ? or * to list all spells.
You blink.
You feel sick.
You feel sick. The adder bites you.
* * * LOW HITPOINT WARNING * * *
* * * LOW HITPOINT WARNING * * *
You feel sick.
Casting: Blink (safe; 22% risk of failure)
Confirm with . or Enter, or press ? or * to list all spells.
You miscast Blink.
You are very lightly contaminated with residual magic.
You feel a wrenching sensation.
* * * LOW HITPOINT WARNING * * *
You feel sick. The adder barely misses you. The adder bites you.
You die...

# #.
#.#############
#.........@S..#
####(...########.#
.......<...# #.#
#.##.#####.# #.#
#####.#####ยง#
#...........#
#.##..#####.# #.##
#.# #. #.#


You could see an adder.

Vanquished Creatures
  A leopard gecko (D:1)
  A giant cockroach (D:1)
  6 hobgoblins (D:1)
  4 bats (D:1)
  A frilled lizard (D:1)
  3 goblins (D:1)
  3 kobolds (D:1)
  A rat (D:1)
20 creatures vanquished.

Notes
Turn   | Place    | Note
-------+----------+-------------------------------------------
     0 | D:1      | BeastOfSaturn the Demonspawn Warper began the quest for the
                  | Orb.
     0 | D:1      | Reached XP level 1. HP: 16/16 MP: 3/3
   135 | D:1      | Reached skill level 1 in Armour
   451 | D:1      | Gained mutation: You have a pair of small antennae on your
                  | head. [demonic ancestry]
   451 | D:1      | Reached XP level 2. HP: 21/22 MP: 5/5
   464 | D:1      | Learned a level 2 spell: Blink
  1150 | D:2      | Slain by an adder

Levels and vault maps discovered:
D:1:      minmay_arrival_semitransparent, layout_basic,
          minmay_misc_feat_diagonals
D:2:      minmay_diamond_boxcup, layout_loops_ring, makhleb_blood_cavern_becter,
          lemuel_round_altar, chequers_serial_rivers_small_3

Skill      XL: |  1 |
---------------+----+-----
Armour         | 1 |  1.2
Long Blades    | 2 |  2.2
Fighting       | |  2.1
Throwing       | |  0.8
Dodging        | |  1.8
Shields        | |  0.5
Spellcasting   | |  2.1
Translocations | |  2.8

Action                   || total
-------------------------++-------
Melee: Falchion          ||    57
 Cast: Blink             ||     1
  Eat: Chunk             ||     1
Armor: Leather armour    ||    14
Dodge: Dodged            ||    35
Block: Buckler           ||     8
       Rpst.: Falchion   ||     8

Table legend:
 A = Non-vault XP
 B = Vault XP
 C = Vault XP percentage of total XP
 D = Non-vault monster count
 E = Vault monster count
 F = Vault count percentage of total count
                 A         B        C        D         E       F
            +---------+---------+-------+---------+---------+-------
      Total |      33 |       0 |   0.0 |      20 |       0 |   0.0
            +---------+---------+-------+---------+---------+-------
        D:1 |      33 |       0 |   0.0 |      20 |       0 |   0.0
            +---------+---------+-------+---------+---------+-------
